 Dungeon Crawl Stone Soup version 0.22.1-1-ga44c0e5 (webtiles) character file.

9325 nightchill the Grappler (level 11, -3/99 HPs)
             Began as a Ghoul Warper on Oct 30, 2018.
             Was an Elder of Makhleb.
             Slain by a basilisk (6 damage)
             ... on level 1 of the Lair of Beasts.
             The game lasted 00:42:57 (10161 turns).

nightchill the Grappler (Ghoul Warper)             Turns: 10161, Time: 00:42:58

Health: -3/99      AC: 13    Str: 19    XL:     11   Next: 44%
Magic:  14/14      EV:  2    Int:  8    God:    Makhleb [****..]
Gold:   504        SH:  0    Dex:  8    Spells: 10/13 levels left

rFire    . . .     SeeInvis .     - Unarmed
rCold    + . .     Gourm    .   (no shield)
rNeg     + + +     Faith    .   v - +0 plate armour
rPois    ∞         Spirit   .   e - +2 hat
rElec    .         Reflect  .   p - scarf {cloud immunity}
rCorr    .         Harm     .   (no gloves)
MR       .....                  (no boots)
Stlth    ..........             (no amulet)
HPRegen  0.00/turn              (no ring)
MPRegen  0.14/turn              (no ring)

@: petrified, rotting
A: rotting body, claws 1, carnivore, cold resistance 1, negative energy
resistance 3, inhibited regeneration, torment resistance, unbreathing
a: Minor Destruction, Lesser Servant of Makhleb, Major Destruction, Renounce
Religion


You were on level 1 of the Lair of Beasts.
You worshipped Makhleb.
Makhleb was greatly pleased with you.
You were not hungry.

You visited 2 branches of the dungeon, and saw 11 of its levels.

You collected 504 gold pieces.

Inventory:

Missiles
 d - 5 tomahawks of dispersal
 h - 398 stones (quivered)
 i - 98 arrows
 A - 13 tomahawks
Armour
 a - a +0 leather armour
 e - a +2 hat (worn)
 p - a scarf of cloud immunity (worn)
 q - a +0 shield
 v - a +0 plate armour (worn)
 w - a cursed +0 helmet
 D - a +2 leather armour of positive energy
Jewellery
 b - a cursed ring of attention {unknown}
 E - an uncursed ring of ice {unknown}
 I - an uncursed ring of magical power {unknown}
Wands
 m - a wand of digging (3)
 z - a wand of acid (9)
 G - a wand of iceblast (7)
 K - a wand of polymorph (10)
Scrolls
 c - 4 scrolls of blinking
 l - a scroll of fear
 s - 3 scrolls of enchant armour
 t - 5 scrolls of remove curse
 x - a scroll of fog
 y - 3 scrolls of magic mapping {unknown}
 L - a scroll of amnesia
Potions
 g - a potion of magic
 j - 4 potions of agility {unknown}
 k - 2 potions of resistance
 n - 2 potions of lignification {unknown}
 r - 2 potions of degeneration {unknown}
 u - 2 potions of curing {unknown}
 B - 2 potions of invisibility
 C - 3 potions of mutation {unknown}
 F - a potion of flight {unknown}
Comestibles
 f - 22 rations
 o - 10 chunks of flesh


   Skills:
 + Level 9.8 Fighting
 - Level 0.8 Throwing
 + Level 2.8 Armour
 - Level 6.0 Dodging
 - Level 1.9 Shields
 + Level 12.7 Unarmed Combat
 - Level 1.7 Spellcasting
 - Level 4.0 Translocations
 * Level 5.6 Invocations


You had 10 spell levels left.
You knew the following spells:

 Your Spells              Type           Power        Failure   Level  Hunger
a - Blink                 Tloc           N/A          98%         2    ###....
b - Confusing Touch       Hex            #.....       100%        1    ##.....

Your spell library contained the following spells:

 Spells                   Type           Power        Failure   Level  Hunger
 Magic Dart               Conj           #...         100%        1    ##.....
 Call Imp                 Summ           #.......     100%        2    ###....
 Shroud of Golubria       Chrm/Tloc      #.........   100%        2    ###....
 Slow                     Hex            #.......     100%        2    ###....
 Confuse                  Hex            #.......     100%        3    ####...
 Conjure Flame            Conj/Fire      #.......     100%        3    ####...
 Gell's Gravitas          Tloc           #.........   100%        3    ####...
 Lesser Beckoning         Tloc           #.........   100%        3    ####...
 Mephitic Cloud           Conj/Pois/Air  #.......     100%        3    ####...
 Teleport Other           Tloc           #.......     100%        3    ####...
 Passage of Golubria      Tloc           N/A          100%        4    #####..
 Petrify                  Tmut/Erth      #.......     100%        4    #####..
 Metabolic Englaciation   Hex/Ice        #.........   100%        5    ######.
 Yara's Violent Unravell  Hex/Tmut       #.........   100%        5    ######.


Dungeon Overview and Level Annotations

Branches:
Dungeon (10/15)            Temple (0/1) D:6            Lair (1/6) D:9
    Orc: D:9-12

Altars:
Ashenzari
Dithmenos
Gozag
Hepliaklqana
Makhleb
Okawaru
Ru
Zin
The Shining One

Shops:
D:7 }   D:8 ?

Annotations:
D:3 1 runed door, exclusions: door and downstairs
D:5 !masses of uniques
D:6 2 transporters, exclusion: 2 downstairs, Ymberto's ghost, novice OpTm


Innate Abilities, Weirdness & Mutations

Your body is rotting away.
You thrive on raw meat.
You are immune to poison.
You have sharp fingernails.
You are carnivorous and can eat meat at any time.
Your flesh is cold resistant. (rC+)
You are immune to negative energy. (rN+++)
You do not regenerate when monsters are visible.
You are immune to unholy pain and torment.
You can survive without breathing.


Message History

You are slowing down.
A demon appears!
The crocodile bites you.
* * * LOW HITPOINT WARNING * * *
The basilisk gazes at you.
Your limbs have turned to stone.
You have turned to stone.
The crocodile bites you!
* * * LOW HITPOINT WARNING * * *
The basilisk bites you!
* * * LOW HITPOINT WARNING * * *
Your orange demon stings the crocodile from afar.
The crocodile looks as sick as possible!
Your orange demon poisons the crocodile!
The crocodile bites you but does no damage.
The basilisk gazes at you. You resist with some effort.
Your orange demon stings the crocodile from afar!
The crocodile bites you.
* * * LOW HITPOINT WARNING * * *
The basilisk bites you!
You die...

#l. # #.. .. .#..#
... ##...# #....
....##....# ....
#.....# ... #.....##
#..## #..##.t###
.... #. ##l@.## ..#
.......# ###4.##..#
......# ##....##
#......## #.(...#
#.....#.# ###....##
..#.......###...#..#
..#.......#.....#..#
.............###...#
.............## ..##


You could see a basilisk, a crocodile and a friendly orange demon.

Vanquished Creatures
  Erica (D:8)
  A hydra (D:9)
  Pikel (D:5)
  An elephant (D:9)
  2 hornets
  2 dream sheep (D:9)
  A slime creature (D:6)
  Prince Ribbit (D:6)
  2 hippogriffs (D:7)
  Sigmund (D:5)
  A wraith (D:9)
  3 basilisks
  Eustachio (D:4)
  3 yaks
  Edmund (D:6)
  An orc warrior (D:6)
  3 sky beasts
  A slave (D:4)
  3 ogres
  3 centaurs
  3 phantoms
  A crocodile (D:9)
  Blork the orc (D:5)
  4 big kobolds
  3 bullfrogs
  4 scorpions
  11 killer bees
  5 wights (D:6)
  3 howler monkeys (D:8)
  6 crimson imps
  2 hounds
  A centaur skeleton (D:8)
  11 jellies
  3 orc priests (D:5)
  Jessica (D:2)
  3 bullfrog skeletons
  Ijyb (D:5)
  4 iguanas
  4 worker ants
  3 orc wizards
  A killer bee zombie (D:8)
  A hound zombie (D:7)
  A hound skeleton (D:4)
  A worker ant zombie (D:9)
  10 gnolls
  12 adders
  3 shadow imps
  11 oozes (D:6)
  An adder zombie (D:8)
  2 adder skeletons (D:7)
  4 worms
  3 dart slugs
  5 leopard geckos
  37 orcs
  6 giant cockroaches
  12 goblins
  12 hobgoblins
  18 jackals
  4 quokkas
  A ball python (D:3)
  10 bats
  5 frilled lizards
  A jackal skeleton (D:7)
  13 kobolds
  A quokka skeleton (D:6)
  7 rats
289 creatures vanquished.

Vanquished Creatures (others)
  4 fungi (D:6)
4 creatures vanquished.

Grand Total: 293 creatures vanquished

Notes
Turn   | Place    | Note
-------+----------+-------------------------------------------
     0 | D:1      | nightchill the Ghoul Warper began the quest for the Orb.
     0 | D:1      | Reached XP level 1. HP: 17/17 MP: 2/2
   249 | D:1      | Reached XP level 2. HP: 25/25 MP: 3/3
   511 | D:1      | Reached skill level 3 in Unarmed Combat
   783 | D:1      | Reached XP level 3. HP: 26/30 MP: 4/4
  1262 | D:2      | Reached XP level 4. HP: 38/38 MP: 5/5
  1292 | D:2      | Reached skill level 4 in Unarmed Combat
  1542 | D:2      | Noticed Jessica
  1548 | D:2      | Killed Jessica
  1762 | D:2      | Reached XP level 5. HP: 32/44 MP: 6/6
  2011 | D:2      | Reached skill level 5 in Unarmed Combat
  2629 | D:3      | Found a runed door.
  3173 | D:3      | Found a hazy altar of Hepliaklqana.
  3234 | D:3      | Reached XP level 6. HP: 50/52 MP: 7/7
  3619 | D:4      | Noticed Eustachio
  3784 | D:4      | Killed Eustachio
  3784 | D:4      | Reached skill level 6 in Unarmed Combat
  4194 | D:4      | Reached XP level 7. HP: 51/58 MP: 8/8
  4233 | D:4      | Found a burning altar of Makhleb.
  4237 | D:4      | Noticed a blizzard demon
  4238 | D:4      | Found a glowing silver altar of Zin.
  4239 | D:4      | Noticed an angel
  4244 | D:4      | Became a worshipper of Makhleb the Destroyer
  4298 | D:5      | Entered Level 5 of the Dungeon
  4329 | D:5      | Reached skill level 5 in Fighting
  4329 | D:5      | Reached skill level 7 in Unarmed Combat
  4365 | D:5      | Noticed Sigmund
  4389 | D:5      | Noticed Blork the orc
  4616 | D:5      | Noticed Ijyb
  4617 | D:5      | Killed Blork the orc
  4915 | D:5      | Noticed Pikel
  5107 | D:4      | Reached skill level 8 in Unarmed Combat
  5110 | D:4      | Reached XP level 8. HP: 20/70 MP: 9/9
  5198 | D:5      | Learned a level 2 spell: Blink
  5269 | D:5      | Killed Sigmund
  5513 | D:5      | Killed Pikel
  5513 | D:5      | Reached skill level 9 in Unarmed Combat
  5534 | D:5      | Found a shadowy altar of Dithmenos.
  5564 | D:5      | Killed Ijyb
  5608 | D:5      | Reached XP level 9. HP: 34/78 MP: 10/10
  5784 | D:5      | Found a glowing golden altar of the Shining One.
  5970 | D:6      | Found a sacrificial altar of Ru.
  6017 | D:6      | Noticed Edmund
  6019 | D:6      | Reached * piety under Makhleb
  6044 | D:6      | Killed Edmund
  6311 | D:6      | Reached skill level 10 in Unarmed Combat
  6334 | D:6      | Noticed Ymberto's ghost (novice OpTm)
  6495 | D:6      | Found a transporter.
  6560 | D:6      | Noticed Prince Ribbit
  6718 | D:6      | Found a staircase to the Ecumenical Temple.
  6770 | D:6      | Found a transporter.
  6863 | D:6      | Killed Prince Ribbit
  7191 | D:6      | Found a shattered altar of Ashenzari.
  7265 | D:6      | Reached skill level 11 in Unarmed Combat
  7274 | D:6      | Reached ** piety under Makhleb
  7359 | D:7      | Reached XP level 10. HP: 72/88 MP: 11/11
  7505 | D:7      | Reached skill level 5 in Dodging
  7930 | D:7      | Found Zobb's Gadget Shop.
  8275 | D:8      | Reached skill level 1 in Shields
  8319 | D:8      | Noticed Erica
  8336 | D:8      | Killed Erica
  8336 | D:8      | Reached skill level 12 in Unarmed Combat
  8348 | D:8      | Reached *** piety under Makhleb
  8512 | D:8      | Found Iwux Neeg's Magic Scroll Shoppe.
  8568 | D:8      | Reached skill level 1 in Invocations
  9056 | D:9      | Found an iron altar of Okawaru.
  9094 | D:9      | Reached skill level 1 in Armour
  9181 | D:9      | Reached **** piety under Makhleb
  9181 | D:9      | Reached XP level 11. HP: 82/97 MP: 12/12
  9251 | D:9      | Found an opulent altar of Gozag.
  9771 | D:9      | Found a staircase to the Lair.
  9961 | D:9      | Reached skill level 5 in Invocations
  9990 | D:9      | Noticed a three-headed hydra
  9994 | D:9      | Killed a three-headed hydra
 10045 | D:10     | Entered Level 10 of the Dungeon
 10094 | Lair:1   | Entered Level 1 of the Lair of Beasts
 10122 | Lair:1   | Learned a level 1 spell: Confusing Touch
 10159 | Lair:1   | HP: 4/99 [basilisk (5)]
 10161 | Lair:1   | Slain by a basilisk

Skill      XL: |  1  2  3  4  5  6  7  8  9 10 11 |
---------------+----------------------------------+-----
Unarmed Combat | 3 4 5 6 8 9 11 12 | 12.7
Fighting       | 3 4 5 6 8 9 |  9.8
Dodging        | 3 4 6 |  6.0
Translocations | 3 4 |  4.0
Shields        | 1 |  1.9
Invocations    | 3 5 |  5.6
Armour         | 1 2 |  2.8
Throwing       | |  0.8
Spellcasting   | |  1.7

Action                   |  1- 3 |  4- 6 |  7- 9 | 10-12 || total
-------------------------+-------+-------+-------+-------++-------
Melee: Unarmed           |   173 |   307 |   330 |   420 ||  1230
       Punch             |     1 |     1 |     9 |    15 ||    26
Throw: Stone             |     2 |     4 |     5 |       ||    11
Invok: Lesser Servant of |       |       |       |     1 ||     1
       Major Destruction |       |       |       |     1 ||     1
  Use: Scroll            |       |    12 |       |     2 ||    14
       Potion            |       |       |     1 |     1 ||     2
  Eat: Chunk             |    11 |    10 |    31 |    60 ||   112
Armor: Leather armour    |    18 |     5 |    85 |    58 ||   166
       Chain mail        |    81 |   182 |       |       ||   263
       Plate armour      |       |       |       |    52 ||    52
Dodge: Dodged            |    58 |   106 |   133 |   205 ||   502
